 Dungeon Crawl Stone Soup version 0.14-a0-30-gf0b6e91 (webtiles) character file.

452 Sachiko the Ruffian (level 5, 0/50 HPs)
             Began as a Troll Monk on Sept 27, 2013.
             Killed from afar by Blork the orc (8 damage)
             ... with a wand of frost
             ... on Level 4 of the Dungeon.
             The game lasted 00:06:47 (2410 turns).

Sachiko the Ruffian (Troll Monk)                    Turns: 2410, Time: 00:06:47

HP   0/50        AC  7     Str 20      XL: 5   Next: 67%
MP   1/1         EV 11     Int  7      God:
Gold 228         SH  0     Dex 12      Spells:  0 memorised,  4 levels left

Res.Fire  : . . .   See Invis. : .     - Unarmed
Res.Cold  : . . .   Warding    : +   a - +1 robe
Life Prot.: + . .   Conserve   : .   (shield restricted)
Res.Poison: .       Res.Corr.  : .   (helmet restricted)
Res.Elec. : .       Clarity    : .   c - +0 cloak
Sust.Abil.: . .     Spirit.Shd : .   (gloves unavailable)
Res.Mut.  : .       Stasis     : .   (boots unavailable)
Res.Rott. : .       Flight     : .   q - amulet of warding
Gourmand  : +                        (no ring)
                                     n - +1 ring of strength

@: slightly resistant to hostile enchantments, unstealthy
A: unfitting armour, claws 3, fast metabolism 3, gourmand, regeneration 2,
saprovore 2, tough skin 2, AC +1
a: no special abilities


You were on level 4 of the Dungeon.
You were full.

You visited 1 branch of the dungeon, and saw 4 of its levels.

You collected 228 gold pieces.

Inventory:

Missiles
 e - 3 large rocks (quivered)
Armour
 a - a +1 robe (worn)
 c - a +0 cloak (worn)
Comestibles
 b - 4 meat rations
 j - 4 bread rations
Scrolls
 d - a scroll of teleportation
 k - 4 scrolls of identify
 o - a scroll of fear
Jewellery
 n - a +1 ring of strength (left claw)
 q - an amulet of warding (around neck)
Potions
 f - a potion of curing
 i - a potion of speed
 m - a potion of berserk rage {unknown}
 s - a potion of resistance {unknown}
Books
 g - a book of Burglary

   Spells                             Type                      Level
   Apportation                        Translocation                1
   Swiftness                          Charms/Air                   2
   Passwall                           Transmutation/Earth          3
   Passage of Golubria                Translocation                4
   Lee's Rapid Deconstruction         Earth                        5
   Darkness                           Hexes                        7


   Skills:
 + Level 2.6 Fighting
 + Level 3.5 Dodging
 - Level 1.1 Stealth
 * Level 6.1 Unarmed Combat


You had 4 spell levels left.
You didn't know any spells.

Dungeon Overview and Level Annotations

Branches:
Dungeon (4/27)             Temple (0/1) D:4

Altars:

Annotations:
D:4 Blork the orc


Innate Abilities, Weirdness & Mutations

You are too large for most types of armour.
You have claws for hands.
Your metabolism is lightning-fast.
You like to eat raw meat.
You heal very quickly.
You can eat rotten meat.
You are covered in fur (AC +1).
You have very tough skin (AC +2).


Message History

Blork the orc looks angry.
Blork the orc zaps a wand.
The puff of frost hits you!
* * * LOW HITPOINT WARNING * * *
The hound bites you but does no damage.
Drink which item? (? for menu, Esc to quit)
You feel better.
Blork the orc hits you with an orcish trident.
* * * LOW HITPOINT WARNING * * *
The hound bites you but does no damage.
You hit Blork the orc.
Blork the orc is moderately wounded.
Blork the orc hits you but does no damage.
The hound barely misses you.
Blork the orc hits you with an orcish trident.
* * * LOW HITPOINT WARNING * * *
You hit Blork the orc.
Blork the orc is moderately wounded.
The hound bites you but does no damage.
Blork the orc zaps a wand.
The puff of frost hits you!
You die...

.....,,,* **,,,.,,,,,,,,,* *,*,*
......,,***,....,,, ,,,,,* *,* *
.......,,,,.....********** *,,,*
.....≈≈≈≈≈......* *************
...≈≈≈≈≈≈≈≈≈....* *,,,,,,,,,,,,
.≈≈≈≈≈≈≈≈≈≈≈≈≈.O####*,,,,,,,,***,
≈≈≈≈≈≈≈≈≈≈≈≈≈≈≈....#*... ,,,,* ,
≈≈≈≈≈≈...≈≈≈≈≈≈ho..##....,, ,* *,
.......>.≈≈≈≈≈≈.@........,,,,***<
≈≈≈≈≈≈...≈≈≈≈≈≈.........., ,,,,,*
.≈≈≈≈≈≈≈≈≈≈≈≈≈...........,,,,**,*
...≈≈≈≈≈≈≈≈≈.............,,,,**,*
.....≈≈≈≈≈.......####.... ,,,**,*
................>........,,,,,,,,
#.##..##.......#.########******,*
#.#....#.#.###.#.#* ***,,,,,,**,*
#.#.##.#,#.#,.....,,,,+,,, ,, ,,*


You could see Blork the orc (bleeding), an ogre and a hound.

Vanquished Creatures
  Crazy Yiuf (D:3)
  A hound (D:4)
  Ijyb (D:2)
  3 gnolls (D:2)
  5 adders
  A worm (D:3)
  3 giant geckos
  An orc (D:3)
  A ball python (D:2)
  9 hobgoblins
  10 kobolds
  A quokka (D:3)
  9 bats
  2 giant cockroaches
  2 giant newts (D:2)
  4 goblins
  7 jackals (D:2)
  7 rats
68 creatures vanquished.

Notes
Turn   | Place    | Note
--------------------------------------------------------------
     0 | D:1      | Sachiko, the Troll Monk, began the quest for the Orb.
     0 | D:1      | Reached XP level 1. HP: 20/20 MP: 0/0
   196 | D:1      | Reached XP level 2. HP: 28/28 MP: 0/0
   755 | D:2      | Reached XP level 3. HP: 35/35 MP: 1/1
   850 | D:2      | Noticed Ijyb
   864 | D:2      | Killed Ijyb
   864 | D:2      | Reached skill level 5 in Unarmed Combat
  1106 | D:2      | Reached XP level 4. HP: 44/44 MP: 1/1
  1623 | D:3      | Reached XP level 5. HP: 47/50 MP: 1/1
  2244 | D:3      | Noticed Crazy Yiuf
  2254 | D:3      | Killed Crazy Yiuf
  2254 | D:3      | Reached skill level 6 in Unarmed Combat
  2308 | D:4      | Found a staircase to the Ecumenical Temple.
  2398 | D:4      | Noticed Blork the orc
  2405 | D:4      | Noticed an ogre
  2410 | D:4      | Killed from afar by Blork the orc

Action                   |  1- 3 |  4- 6 || total
-------------------------+-------+-------++-------
Melee: Unarmed           |    92 |    85 ||   177
  Use: Potion            |     5 |     2 ||     7
       Scroll            |     2 |    10 ||    12
 Stab: Sleeping          |     2 |     1 ||     3
       Distracted        |     1 |       ||     1
